 Dungeon Crawl Stone Soup version 0.31-a0-354-g827e0957a7 (webtiles) character file.

Game seed: 16122644920418167101

1073 promet the Covered (level 8, 0/100 HPs)
             Began as a Minotaur Fighter on July 23, 2023.
             Succumbed to a water moccasin's poison
             ... on level 6 of the Dungeon.
             The game lasted 00:24:12 (7134 turns).

promet the Covered (Minotaur Fighter)               Turns: 7134, Time: 00:24:13

Health: 0/100      AC: 24    Str: 21    XL:     8   Next: 7%
Magic:  7/7        EV:  2    Int:  7    God:
Gold:   290        SH:  5    Dex: 10    Spells: 7/7 levels left

rFire   . . .        a - +2 whip (elec)
rCold   . . .        c - +0 buckler
rNeg    . . .        p - melded +3 ring mail {rPois}
rPois   +            (helmet currently unavailable)
rElec   .            (cloak currently unavailable)
rCorr   .            t - melded +0 pair of gloves
SInv    .            (boots currently unavailable)
Will    .....        (no amulet)
Stlth   +            (no ring)
HPRegen 0.36/turn    (no ring)
MPRegen 0.10/turn

%: no passive effects
@: lethally poisoned (0 -> -4), tree-form
A: stationary, stasis, torment immunity, boosted hp, (horns 2), (retaliatory
headbutt)
a: no special abilities


You were on level 6 of the Dungeon.
You were a tree.
You visited 1 branch of the dungeon, and saw 6 of its levels.

You collected 290 gold pieces.

Inventory:

Hand Weapons
 a - a +2 whip of electrocution (weapon)
 l - a +0 rapier
 m - a +0 war axe
 q - a +0 halberd
Missiles
 g - a silver javelin (quivered)
 h - 39 stones
Armour
 b - a +0 scale mail
 c - a +0 buckler (worn)
 p - a +3 ring mail of poison resistance (melded)
 t - a +0 pair of gloves (melded)
Wands
 k - a wand of roots (8)
 o - a wand of flame (32)
 v - a wand of paralysis (8)
Scrolls
 j - 2 scrolls of teleportation
 n - 2 scrolls of identify
 u - a scroll of amnesia
Potions
 d - 2 potions of might
 e - a potion of mutation
 f - a potion of brilliance
 i - a potion of haste
 s - 2 potions of attraction


   Skills:
 + Level 4.8 Fighting
 + Level 3.9(5.5) Axes
 + Level 6.0(6.6) Maces & Flails
 + Level 1.5 Throwing
 + Level 6.7 Armour
 + Level 2.5 Dodging
 + Level 0.9 Stealth
 + Level 5.4 Shields
 + Level 0.2 Evocations


You had 7 spell levels left.
You didn't know any spells.
Your spell library contained the following spells:

 Spells                   Type           Power      Damage    Failure   Level
 Necrotise                Necr           0%         1d4       50%         1
 Blink                    Tloc           0%         N/A       63%         2
 Lesser Beckoning         Tloc           0%         N/A       63%         2
 Momentum Strike          Conj/Tloc      0%         3d8       63%         2
 Poisonous Vapours        Pois/Air       0%         N/A       63%         2
 Mephitic Cloud           Conj/Pois/Air  0%         N/A       86%         3
 Vampiric Draining        Necr           0%         2d6       86%         3
 Agony                    Necr           0%         N/A       100%        5
 Freezing Cloud           Conj/Ice/Air   0%         6-21      100%        5
 Simulacrum               Ice/Necr       0%         N/A       100%        6
 Ozocubu's Refrigeration  Ice            0%         4d7       100%        7
 Polar Vortex             Ice            0%         N/A       100%        9


Dungeon Overview and Level Annotations

Branches:
Dungeon (6/15)
 Temple: D:4-7

Altars:
Nemelex Xobeh
Trog
Xom

Shops:
D:5 *


Innate Abilities, Weirdness & Mutations

You are a tree.
Your roots penetrate the ground, keeping you stationary.
You cannot be teleported.
You are immune to unholy pain and torment.
Your maximum health is greatly increased.
Your equipment is partially melded.
((You have a pair of horns on your head.))
((You reflexively headbutt those who attack you in melee.))


Message History

You feel sick. The water moccasin closely misses you.
You hit the water moccasin but do no damage.
Your headbutt misses the water moccasin.
The water moccasin is almost dead.
You feel sick. The water moccasin bites you.
You are more poisoned.
The water moccasin poisons you!
You barely miss the water moccasin.
The water moccasin is almost dead.
* * * LOW HITPOINT WARNING * * *
You feel very sick. The water moccasin bites you!
* * * LOW HITPOINT WARNING * * *
It was a potion of lignification.
You turn into a tree.
Your +0 pair of gloves melds into your body.
Your +3 ring mail of poison resistance melds into your body.
You no longer feel resistant to poison.
Your roots penetrate the ground.
* * * LOW HITPOINT WARNING * * *
You feel very sick.
The water moccasin bites you but does no damage. x2
You miss the water moccasin.
The water moccasin is almost dead.
* * * LOW HITPOINT WARNING * * *
You feel sick. The water moccasin bites you.
* * * LOW HITPOINT WARNING * * *
You hit the water moccasin.
You kill the water moccasin!
* * * LOW HITPOINT WARNING * * *
You feel very sick.
Your Maces & Flails skill increases to level 6!
You have reached level 8!
You feel agile.
Okay, then.
* * * LOW HITPOINT WARNING * * *
You feel sick.
* * * LOW HITPOINT WARNING * * *
You feel sick.
* * * LOW HITPOINT WARNING * * *
You feel sick.
You die...

##........
###.........
#..........#
..........#
........##
........##
##........#
######.......#
#..♣........##
................##
.############...#
##..# #..# #..#
#..# #..# #.##


There were no monsters in sight!

Vanquished Creatures
  A water moccasin (D:6)
  An ice beast (D:5)
  A sky beast (D:3)
  An ogre (D:4)
  2 scorpions (D:4)
  A jelly (D:5)
  Ijyb (D:3)
  Natasha (thrice) (D:3)
  A sleepcap (D:4)
  7 iguanas
  Robin (D:2)
  4 gnolls (D:3)
  5 adders
  A shadow imp (D:5)
  A white imp (D:5)
  A worm (D:3)
  22 orcs
  5 endoplasms
  6 giant cockroaches
  13 goblins
  8 hobgoblins
  4 jackals (D:1)
  6 quokkas
  4 ball pythons
  10 bats
  A frilled lizard (D:1)
  6 kobolds
  5 rats
122 creatures vanquished.

Vanquished Creatures (others)
  An endoplasm (D:4)
1 creature vanquished.

Grand Total: 123 creatures vanquished

Notes
Turn   | Place    | Note
-------+----------+-------------------------------------------
     0 | D:1      | promet the Minotaur Fighter began the quest for the Orb.
     0 | D:1      | Reached XP level 1. HP: 19/19 MP: 0/0
     3 | D:1      | You fall into a shaft and drop 1 floor!
   244 | D:2      | Reached XP level 2. HP: 27/27 MP: 1/1
   950 | D:1      | Reached XP level 3. HP: 33/33 MP: 2/2
  1371 | D:2      | Identified the +1 hand axe "Wytorph" {speed, rCorr Str+4
                  | Int+3 Dex-5}
  1371 | D:2      | Noticed Robin
  1980 | D:2      | Killed Robin
  2185 | D:3      | Reached XP level 4. HP: 40/40 MP: 3/3
  2941 | D:3      | Found a bloodstained altar of Trog.
  2948 | D:3      | Noticed Natasha
  2956 | D:3      | Killed Natasha
  2957 | D:3      | Reached skill level 1 in Maces & Flails
  3028 | D:3      | Noticed Ijyb
  3040 | D:3      | Killed Ijyb
  3041 | D:3      | Reached XP level 5. HP: 29/46 MP: 4/4
  3168 | D:3      | Noticed Natasha
  3376 | D:3      | Reached skill level 1 in Dodging
  3448 | D:3      | Killed Natasha
  3576 | D:3      | Noticed Natasha
  3583 | D:3      | Killed Natasha
  3654 | D:3      | Reached skill level 1 in Throwing
  3727 | D:3      | Reached skill level 5 in Shields
  3945 | D:4      | Reached XP level 6. HP: 51/52 MP: 5/5
  4553 | D:4      | Found a shimmering altar of Xom.
  4553 | D:4      | Noticed a sky beast
  4583 | D:3      | Killed a sky beast
  4584 | D:3      | Reached skill level 5 in Armour
  5037 | D:4      | Reached XP level 7. HP: 58/60 MP: 6/6
  5511 | D:4      | Found a sparkling altar of Nemelex Xobeh.
  5555 | D:5      | Entered Level 5 of the Dungeon
  5632 | D:5      | Reached skill level 5 in Maces & Flails
  6786 | D:5      | Found Hiwem's Assorted Antiques.
  7130 | D:6      | HP: 4/90 [poisoned by a water moccasin]
  7131 | D:6      | Reached XP level 8. HP: 4/67 MP: 7/7
  7132 | D:6      | HP: 1/100 [poisoned by a water moccasin]
  7134 | D:6      | Succumbed to a water moccasin's poison

Illustrated notes

Levels and vault maps discovered:
D:1:      lightli_arrival_boilingwater, layout_basic, serial_curves,
          eino_curves_01, eino_curves_01
D:2:      layout_basic, chequers_serial_rivers_micro_b, columned_hall_lemuel,
          uniq_robin
D:3:      layout_loops_ring, amcnicky_altar_gilded, minivault_27, uniq_natasha,
          uniq_ijyb
D:4:      layout_basic, xom_confusion_cloud, kennysheep_mini,
          serial_corexii_hall, chequers_hall_statues_y, corexii_hall_statues_t,
          corexii_hall_statues_s, corexii_hall_statues_i,
          corexii_hall_statues_u, corexii_hall_statues_t,
          hangedman_abyss_or_decor_passed, minmay_tree_intersection
D:5:      layout_loops_corners, serial_shops, shop
D:6:      layout_cave_pods, chequers_temple_overflow_statue_of_worship,
          minmay_temple_entry_enclosed_plants, gup_sewer_entry_bubbles

Skill      XL: |  1  2  3  4  5  6  7 |
---------------+----------------------+-----
Axes           | 3 |  3.9
Shields        | 4 5 |  5.4
Armour         | 4 5 6 |  6.7
Fighting       | 4 |  4.8
Maces & Flails | 1 3 4 6 |  6.0
Dodging        | 1 2 |  2.5
Throwing       | 1 |  1.5
Stealth        | |  0.9
Evocations     | |  0.2

Action                     |  1- 3 |  4- 6 |  7- 9 || total
---------------------------+-------+-------+-------++-------
  Melee: War axe           |    80 |       |       ||    80
         Headbutt          |     8 |    14 |    19 ||    41
         Whip              |    18 |   142 |    83 ||   243
  Throw: Javelin           |     6 |     3 |     2 ||    11
  Evoke: Wand              |       |     3 |     2 ||     5
    Use: Scroll            |     4 |     7 |     2 ||    13
         Potion            |       |     2 |     1 ||     3
 Armour: Scale mail        |    45 |    17 |       ||    62
         Ring mail         |       |    33 |    12 ||    45
         Skin              |       |       |     2 ||     2
  Dodge: Dodged            |    45 |    61 |    29 ||   135
  Block: Buckler           |    32 |    26 |    12 ||    70

Table legend: (Time is in decaauts)
 A = Elapsed time spent in this place.
 B = Non-inter-level travel time spent in this place.
 C = Inter-level travel time spent in this place.
 D = Time resting spent in this place.
 E = Time spent auto-exploring this place.
 F = Levels seen in this place.
 G = Mean time per level.
                   A        B        C        D        E       F      G
               +--------+--------+--------+--------+--------+-----+--------+
         Total |   7133 |   6889 |    244 |   2015 |   2494 |   6 | 1188.8 |
       Dungeon |   7133 |   6889 |    244 |   2015 |   2494 |   6 | 1188.8 |
               +--------+--------+--------+--------+--------+-----+--------+

Top non-repeatable levels by time:
     D:3: 1687 daAuts
     D:4: 1461 daAuts
     D:5: 1460 daAuts
     D:2: 1345 daAuts
     D:1: 1071 daAuts
     D:6: 108 daAuts
